 Dungeon Crawl Stone Soup version 0.18-a0-270-ga9d907f (webtiles) character file.

198 Duffy the Slasher (level 5, 0/36 HPs)
             Began as a High Elf Skald on Nov 26, 2015.
             Slain by a hound (4 damage)
             ... on level 4 of the Dungeon.
             The game lasted 00:05:07 (4304 turns).

Duffy the Slasher (High Elf Skald)                  Turns: 4304, Time: 00:05:07

Health: 0/36       AC:  4    Str: 16    XL:     5   Next: 47%
Magic:  9/9        EV: 12    Int: 15    God:
Gold:   257        SH:  0    Dex: 16    Spells: 3 memorised, 2 levels left

rFire  + . .     SeeInvis .     i - +0 dagger (venom)
rCold  . . .     Clarity  .     b - +0 leather armour
rNeg   . . .     SustAt   .     (no shield)
rPois  .         Gourm    .     y - +0 hat
rElec  .         Spirit   .     k - +0 cloak
rCorr  .         Warding  .     (no gloves)
rMut   .         Stasis   .     (no boots)
MR     .....                    (no amulet)
Stlth  +.........               u - ring of protection from fire
                                q - +5 ring of strength

@: not resistant to hostile enchantments, very unstealthy
A: no striking features
a: no special abilities


You were on level 4 of the Dungeon.
You were hungry.

You visited 1 branch of the dungeon, and saw 4 of its levels.

You collected 257 gold pieces.


   Skills:
 + Level 3.2 Fighting
 + Level 4.9 Long Blades
 - Level 0.8 Armour
 - Level 2.4 Dodging
 - Level 2.5 Spellcasting
 - Level 4.5 Charms


You had 2 spell levels left.
You knew the following spells:

 Your Spells              Type           Power        Failure   Level  Hunger
a - Infusion              Chrm           ###...       4%          1    #......
r - Regeneration          Chrm/Necr      #.........   34%         3    ###....
w - Spectral Weapon       Hex/Chrm       #.......     34%         3    ###....

Inventory:

Hand Weapons
 a - a +0 falchion
 i - a +0 dagger of venom (weapon)
Armour
 b - a +0 leather armour (worn)
 k - a +0 cloak (worn)
 y - a +0 hat (worn)
Magical Staves
 s - an uncursed staff of energy
Jewellery
 h - an uncursed ring of ice
 q - a +5 ring of strength (left hand)
 u - a ring of protection from fire (right hand)
Scrolls
 e - a scroll of immolation {unknown}
 f - a scroll of fog {unknown}
 m - 7 scrolls of identify {unknown}
 p - a scroll of teleportation {unknown}
 r - 2 scrolls of remove curse {unknown}
 x - a scroll of fear {unknown}
Potions
 j - a potion of might {unknown}
 l - a potion of lignification
 n - a potion of curing
 o - 2 potions of heal wounds {unknown}
 v - a potion of cancellation {unknown}
 w - a potion of agility {unknown}
Books
 c - a book of Battle
Comestibles
 d - 3 bread rations
 g - a slice of pizza
 t - 2 meat rations

Dungeon Overview and Level Annotations

Branches:
Dungeon (4/15)
 Temple: D:4-7

Altars:
Fedhas
Zin
The Shining One


Message History

You closely miss the orc wizard.
The orc wizard is moderately wounded.
The hound barks!
The orc wizard hits you with a dagger.
You barely miss the orc wizard.
The orc wizard is moderately wounded.
You hit the orc wizard but do no damage.
The orc wizard is poisoned.
The orc wizard is moderately wounded.
The orc wizard barely misses you. The orc wizard barely misses you.
The hound bites you.
You miss the hound. The hound barely misses you.
The orc wizard looks braver for a moment.
You hit the hound but do no damage.
The hound is poisoned.
The hound bites you. The hound bites you.
You hit the hound.
The hound is moderately wounded.
The hound bites you but does no damage.
You hit the hound but do no damage.
The hound looks even sicker.
The hound is moderately wounded.
The hound closely misses you.
You barely miss the hound.
The hound is moderately wounded.
The hound bites you.
You hit the hound but do no damage.
The hound is moderately wounded.
The hound bites you but does no damage. The hound closely misses you.
You miss the hound.
The hound is moderately wounded.
The hound bites you.
You closely miss the hound.
The hound is heavily wounded.
The hound bites you.
You die...

#........# #.## #
##################...
#.#...>................
###.#....################
.........####......
#........##......#
#........##.....#
#........#......#
#.......@ho...#
#.....$.####### #.......#
#.......# ####..#.#
#..#.# #..#.. #. ..


You could see a hound and an orc wizard.

Action                   |  1- 3 |  4- 6 || total
-------------------------+-------+-------++-------
Melee: Dagger            |   115 |   198 ||   313
  Use: Potion            |       |     2 ||     2
 Stab: Sleeping          |       |     2 ||     2
  Eat: Chunk             |     4 |     6 ||    10

Notes
Turn   | Place    | Note
--------------------------------------------------------------
     0 | D:1      | Duffy the High Elf Skald began the quest for the Orb.
     0 | D:1      | Reached XP level 1. HP: 14/14 MP: 4/4
   573 | D:1      | Reached XP level 2. HP: 19/19 MP: 6/6
   762 | D:1      | Reached skill level 3 in Long Blades
   830 | D:2      | Reached skill level 4 in Charms
  1111 | D:2      | Found a glowing golden altar of the Shining One.
  1131 | D:2      | Reached XP level 3. HP: 13/24 MP: 7/7
  1408 | D:2      | Found a glowing silver altar of Zin.
  1408 | D:2      | Noticed an angel
  1902 | D:2      | Reached skill level 2 in Dodging
  2095 | D:2      | Reached XP level 4. HP: 8/29 MP: 8/8
  2644 | D:2      | Reached skill level 4 in Long Blades
  2893 | D:3      | Found a blossoming altar of Fedhas.
  3701 | D:3      | Reached XP level 5. HP: 30/35 MP: 9/9
  3780 | D:3      | Learned a level 3 spell: Regeneration
  3784 | D:3      | Learned a level 3 spell: Spectral Weapon
  3881 | D:4      | Reached skill level 3 in Fighting
  4304 | D:4      | Slain by a hound

Vault maps used:
D:1:      minmay_arrival_semitransparent, kennysheep_boxes
D:2:      zin_angel, tso_oasis_becter, hex_intersection, minmay_goblin_outpost
D:3:      nicolae_overflow_crystal_walls, first_bread
D:4:      minmay_opposing_rooms

Vanquished Creatures
  An orc priest
  8 adders
  An adder skeleton
  5 worms
  4 orcs
  4 bats
  2 giant cockroaches
  10 hobgoblins
  4 jackals
  11 kobolds
  2 giant geckos
  6 giant newts
  12 goblins
  4 rats
74 creatures vanquished.
